 Dungeon Crawl Stone Soup version 0.29.0-4-gdea44cf6ec (webtiles) character file.

Game seed: 5199689593127938622

81 qw the Chopper (level 4, -5/26 HPs)
             Began as a Tengu Warper on Aug 28, 2022.
             Slain by a gnoll
             ... wielding a +0 halberd
              (8 damage)
             ... on level 3 of the Dungeon.
             The game lasted 00:00:10 (2126 turns).

qw the Chopper (Tengu Warper)                       Turns: 2126, Time: 00:00:11

Health: -5/26      AC: 11    Str: 13    XL:     4   Next: 42%
Magic:  8/8        EV:  3    Int: 14    God:
Gold:   76         SH:  0    Dex: 13    Spells: 7/7 levels left

rFire   . . .      SeeInvis .   Y - +0 hand axe
rCold   . . .      Faith    .   (no shield)
rNeg    . . .      Spirit   .   i - +0 plate armour
rPois   .          Reflect  .   (helmet restricted)
rElec   .          Harm     .   (no cloak)
rCorr   .          Rampage  .   (no gloves)
Will    .....                   (boots unavailable)
Stlth   ..........              (no amulet)
HPRegen 0.08/turn               (no ring)
MPRegen 0.11/turn               (no ring)

@: no status effects
A: beak, talons 3
a: no special abilities


You were on level 3 of the Dungeon.
You visited 1 branch of the dungeon, and saw 3 of its levels.

You collected 76 gold pieces.


Innate Abilities, Weirdness & Mutations

You have a beak for a mouth.
You have claws for feet.


   Skills:
 - Level 2.0 Fighting
 + Level 4.4 Axes
 - Level 1.0 Throwing
 - Level 2.4 Armour
 - Level 2.1 Dodging
 - Level 2.0 Spellcasting
 - Level 2.4 Translocations


You had 7 spell levels left.
You didn't know any spells.
Your spell library contained the following spells:

 Spells                   Type           Power      Damage    Failure   Level
 Blink                    Tloc           16%        N/A       100%        2
 Gell's Gravitas          Tloc           8%         N/A       100%        3
 Lesser Beckoning         Tloc           8%         N/A       100%        3
 Teleport Other           Tloc           8%         N/A       100%        3
 Manifold Assault         Tloc           8%         N/A       100%        5

Inventory:

Hand Weapons
 e - a +0 flail
 Y - a +0 hand axe (weapon)
Armour
 i - a +0 plate armour (worn)
Potions
 a - a potion of might {unknown}
 b - a potion of haste {unknown}
 h - a potion of cancellation {unknown}
 j - a potion of magic {unknown}

Dungeon Overview and Level Annotations

Branches:
Dungeon (3/15)

Altars:

Shops:
D:1 (

Annotations:
D:2 1 runed translucent door, Crazy Yiuf


Message History

The gnoll hits you from afar with a +0 halberd.
You hit the gnoll.
You kill the gnoll!
You closely miss the gnoll.
A jackal comes into view.
The gnoll hits you with a +0 flail. The gnoll completely misses you.
The jackal barely misses you.
You closely miss the gnoll.
The jackal barks!
You claw the gnoll.
The gnoll is heavily wounded.
You closely miss the jackal. The gnoll barely misses you.
The gnoll hits you but does no damage. The jackal barely misses you.
You closely miss the gnoll. You claw the gnoll, but do no damage.
The gnoll is heavily wounded.
You hit the jackal but do no damage.
The jackal bites you but does no damage.
The gnoll hits you with a +0 flail.
The gnoll hits you from afar with a +0 halberd.
The jackal bites you but does no damage.
You hit the gnoll but do no damage. You claw the gnoll.
The gnoll is severely wounded.
You hit the jackal. The gnoll hits you with a +0 flail.
The gnoll barely misses you. The jackal bites you.
You barely miss the gnoll. You claw the gnoll.
The gnoll is almost dead.
You hit the jackal. The jackal bites you. The gnoll hits you with a +0 flail.
The gnoll hits you but does no damage.
The jackal bites you but does no damage.
The gnoll hits you but does no damage.
The gnoll hits you from afar with a +0 halberd.
You barely miss the gnoll. Your kick misses the gnoll.
The gnoll is almost dead.
You hit the jackal.
You kill the jackal!
The gnoll hits you from afar with a +0 halberd!
You die...

#.....#####
#####.#
...........# #.#
........[.# #.#
.........# #.#
........## #.#
........ #.#
g....#... ######.#
#hg.>.>.# .......#
#@# #####..####
#.# ..........#
#.#
)...#..##.######.#
###.#..##.#......#
# #)....#.######
#.#####.#
#.......#
#######.#


You could see 2 gnolls and a jackal.

Vanquished Creatures
  Jessica (D:2)
  A gnoll (D:3)
  A worm (D:2)
  2 dart slugs
  4 ball pythons
  6 bats
  An endoplasm (D:2)
  2 giant cockroaches
  4 goblins
  6 hobgoblins
  A jackal (D:3)
  3 kobolds
  A quokka (D:1)
  5 frilled lizards
  A rat (D:3)
39 creatures vanquished.

Notes
Turn   | Place    | Note
-------+----------+-------------------------------------------
     0 | D:1      | qw the Tengu Warper began the quest for the Orb.
     0 | D:1      | Reached XP level 1. HP: 12/12 MP: 4/4
     0 | D:1      | 0 ||| qw: Version: 0.1-a-89-g26bdef1
     0 | D:1      | 0 ||| qw: Game counter: 1545
     0 | D:1      | 0 ||| qw: Always use a shield: true
     0 | D:1      | 0 ||| qw: God list: Okawaru
     0 | D:1      | 0 ||| qw: Allow faded altars: false
     0 | D:1      | 0 ||| qw: Do Orc after D:15 true
     0 | D:1      | 0 ||| qw: Do second Lair branch before Depths: true
     0 | D:1      | 0 ||| qw: Lair rune preference: random
     0 | D:1      | 0 ||| qw: Plans: Normal
     0 | D:1      | 0 ||| PLANNING D:1-11
    64 | D:1      | Found Beenol's Antique Weapon Emporium.
    70 | D:1      | 70 ||| Stepping ~*~*~tactically~*~*~ (stealth).
    71 | D:1      | 71 ||| Stepping ~*~*~tactically~*~*~ (stealth).
    79 | D:1      | HP: 3/12 [hobgoblin (2)]
    81 | D:1      | Reached XP level 2. HP: 4/17 MP: 6/6
   347 | D:1      | Reached skill level 3 in Axes
   516 | D:1      | 516 ||| DROPPING +0 club.
   633 | D:1      | 633 ||| DROPPING +0 whip.
  1017 | D:1      | 1017 ||| DROPPING scarf of harm.
  1018 | D:1      | 1018 ||| UPGRADING to +0 ring mail.
  1028 | D:1      | 1028 ||| DROPPING +0 leather armour.
  1029 | D:1      | 1029 ||| UPGRADING to +0 plate armour.
  1039 | D:1      | 1039 ||| DROPPING +0 ring mail.
  1040 | D:1      | 1040 ||| READING scroll labelled ZUIFRE CIHU.
  1041 | D:1      | 1041 ||| READING scroll labelled YHU CIZUMUC BALY.
  1044 | D:1      | 1044 ||| DROPPING scroll of blinking.
  1252 | D:2      | Found a runed translucent door.
  1253 | D:2      | Noticed Crazy Yiuf
  1318 | D:2      | Reached XP level 3. HP: 21/21 MP: 7/7
  1460 | D:2      | Reached skill level 4 in Axes
  1496 | D:2      | Found a faded altar of an unknown god.
  1550 | D:2      | Noticed Jessica
  1553 | D:2      | Killed Jessica
  1554 | D:2      | Reached XP level 4. HP: 26/26 MP: 8/8
  1953 | D:2      | 1953 ||| DROPPING ring of flight.
  1954 | D:2      | 1954 ||| READING 2 scrolls labelled POGAQ ZARIMP.
  1955 | D:2      | 1955 ||| DROPPING scroll of noise.
  2105 | D:3      | 2105 ||| Stepping ~*~*~tactically~*~*~ (stealth).
  2125 | D:3      | HP: 5/26 [gnoll/+0 flail (6)]
  2126 | D:3      | Slain by a gnoll

Levels and vault maps discovered:
D:1:      amcnicky_arrival_underground_garden, layout_rooms, serial_shops,
          nicolae_diamond_shop, serial_curves, eino_curves_02, eino_curves_03,
          chequers_serial_rivers_micro_c
D:2:      layout_loops_ring, chequers_ecumenical_altar_simple, uniq_jessica,
          uniq_crazy_yiuf_cottage
D:3:      layout_basic, tso_metal_star, serial_shops, nicolae_shop_stone,
          uniq_natasha, uniq_terence

Skill      XL: |  1  2  3 |
---------------+----------+-----
Axes           | 3 4 |  4.4
Armour         | 2 |  2.4
Fighting       | |  2.0
Throwing       | |  1.0
Dodging        | |  2.1
Spellcasting   | |  2.0
Translocations | |  2.4

Action                   |  1- 3 |  4- 6 || total
-------------------------+-------+-------++-------
Melee: Hand axe          |    60 |    28 ||    88
       Kick              |    13 |     7 ||    20
       Peck              |    11 |     1 ||    12
Throw: Boomerang         |     7 |       ||     7
  Use: Scroll            |     2 |     1 ||     3
Armor: Leather armour    |    10 |       ||    10
       Plate armour      |    30 |    18 ||    48
Dodge: Dodged            |    19 |     9 ||    28

Table legend:
 A = Non-vault XP
 B = Vault XP
 C = Vault XP percentage of total XP
 D = Non-vault monster count
 E = Vault monster count
 F = Vault count percentage of total count
                 A         B        C        D         E       F
            +---------+---------+-------+---------+---------+-------
      Total |      82 |      37 |  31.1 |      38 |       1 |   2.6
            +---------+---------+-------+---------+---------+-------
        D:1 |      24 |       0 |   0.0 |      13 |       0 |   0.0
        D:2 |      33 |      37 |  52.9 |      16 |       1 |   5.9
        D:3 |      25 |       0 |   0.0 |       9 |       0 |   0.0
            +---------+---------+-------+---------+---------+-------
